 Dungeon Crawl Stone Soup version 0.30-a0-634-g8abc85282e (webtiles) character file.

Game seed: 991580238925256828

2970 Armakuni the Cleaver (level 10, -2/70 HPs)
             Began as a Human Delver on Jan 14, 2023.
             Was an Initiate of the Shining One.
             Killed from afar by Maggie (25 damage)
             ... with a bolt of fire
             ... on level 8 of the Dungeon.
             The game lasted 00:22:54 (5509 turns).

Armakuni the Cleaver (Human Delver)                 Turns: 5509, Time: 00:22:54

Health: -2/70      AC:  9    Str: 19    XL:     10   Next: 8%
Magic:  0/19       EV: 17    Int: 11    God:    the Shining One [......]
Gold:   403        SH:  0    Dex: 15    Spells: 8/9 levels left

rFire   . . .      SeeInvis .    a - +10 hand axe "Earthworm" {holy, rPois Str+3}
rCold   . . .      Faith    .    (no shield)
rNeg    . . .      Spirit   +    v - +0 acid dragon scales
rPois   +          Reflect  .    x - +0 helmet
rElec   +          Harm     +    r - +0 cloak
rCorr   +          Rampage  .    d - +0 pair of gloves of the Morning {Harm rElec rPois rCorr}
Will    .....                    (no boots)
Stlth   +                        G - amulet of guardian spirit
HPRegen 0.31/turn                P - ring of magical power
MPRegen 0.16/turn                E - +5 ring of evasion

@: glowing
A: no striking features
a: Renounce Religion


You were on level 8 of the Dungeon.
You worshipped the Shining One.
The Shining One was noncommittal.
You visited 2 branches of the dungeon, and saw 9 of its levels.

You collected 493 gold pieces.
You spent 90 gold pieces at shops.

Inventory:

Hand Weapons
 a - the +10 hand axe "Earthworm" (weapon) {holy, rPois Str+3}
   (You found it on level 3 of the Dungeon)

   Str:       It affects your strength (+3).
   rPois:     It protects you from poison.
 b - the +11 mace "Ikhlibrevee" {protect, Will+ Str+2}
   (You found it on level 6 of the Dungeon)

   Str:       It affects your strength (+2).
   Will:      It increases your willpower.
Missiles
 p - 16 boomerangs
 w - 5 javelins (quivered)
Armour
 d - the +0 pair of gloves of the Morning (worn) {Harm rElec rPois rCorr}
   (You found it on level 4 of the Dungeon)

   rElec:     It insulates you from electricity.
   rPois:     It protects you from poison.
   rCorr:     It protects you from acid and corrosion.
   Harm:      It increases damage dealt and taken.
 r - a +0 cloak (worn)
 u - a +0 plate armour
 v - +0 acid dragon scales (worn)
 x - a +0 helmet (worn)
Jewellery
 E - a +5 ring of evasion (right hand)
 G - an amulet of guardian spirit (around neck)
 P - a ring of magical power (left hand)
Wands
 k - a wand of digging (3)
Scrolls
 c - 2 scrolls of fog
 e - 3 scrolls of fear
 g - a scroll of poison
 i - 3 scrolls of teleportation
 y - a scroll of noise
Potions
 f - 3 potions of cancellation
 h - 2 potions of might
 j - 3 potions of heal wounds
 l - 2 potions of lignification
 m - 2 potions of curing
 n - a potion of invisibility
 o - a potion of resistance
 s - a potion of flight
 t - 2 potions of berserk rage
 C - 3 potions of mutation


   Skills:
 - Level 3.0 Fighting
 + Level 12.1(12.5) Axes
 - Level 4.7(9.2) Maces & Flails
 - Level 2.0 Armour
 - Level 2.0 Dodging
 - Level 5.0 Stealth
 + Level 1.1 Invocations


You had 8 spell levels left.
You knew the following spells:

 Your Spells              Type           Power      Damage    Failure   Level
a - Apportation           Tloc           0%         N/A       43%         1

Your spell library contained the following spells:

 Spells                   Type           Power      Damage    Failure   Level
 Necrotise                Necr           0%         1d4       43%         1
 Summon Small Mammal      Summ           0%         N/A       43%         1
 Poisonous Vapours        Pois/Air       0%         N/A       56%         2
 Portal Projectile        Hex/Tloc       0%         N/A       80%         3
 Tukima's Dance           Hex            0%         N/A       80%         3
 Vhi's Electric Charge    Tloc/Air       0%         N/A       80%         3
 Animate Dead             Necr           0%         N/A       99%         4
 Leda's Liquefaction      Hex/Erth       0%         N/A       99%         4
 Blade Hands              Tmut           0%         N/A       100%        5
 Lee's Rapid Deconstruct  Erth           0%         3d4*      100%        5
 Statue Form              Tmut/Erth      0%         N/A       100%        6
 Infestation              Necr           0%         N/A       100%        8


Dungeon Overview and Level Annotations

Branches:
Dungeon (8/15)             Temple (1/1) D:7
   Lair: D:8-11

Altars:
Ashenzari
Cheibriados
Elyvilon
Fedhas
Gozag
Hepliaklqana
Kikubaaqudgha
Makhleb
Nemelex Xobeh
Okawaru
Qazlal
Ru
Sif Muna
Trog
Uskayaw
Vehumet
Wu Jian
Xom
Yredelemnul
Zin
The Shining One

Shops:
D:8 ?

Annotations:
D:3 1 runed translucent door, Flippered's ghost, amateur MfSu
D:7 2 transporters
D:8 Maggie


Message History

Found 5 gold pieces.
You now have 403 gold pieces (gained 5).
Found a whip.
Maggie the Vainglorious comes into view.
She is wielding a +0 long sword of flaming.
Maggie shouts!
Maggie casts a spell at you. The bolt of fire hits you!
You barely miss Maggie. You hit Maggie.
Maggie is lightly wounded.
Maggie completely misses you.
You hit Maggie but do no damage. You punch Maggie, but do no damage.
Maggie is lightly wounded.
Maggie misses you.
You hit Maggie. Your punch misses Maggie.
Maggie is lightly wounded.
You slash Maggie!
Maggie is moderately wounded.
Maggie hits you but does no damage.
You closely miss Maggie.
Maggie is moderately wounded.
Maggie hits you with a +0 long sword of flaming!
Maggie burns you.
You slash Maggie!
Maggie is heavily wounded.
You slash Maggie!
Maggie is severely wounded.
Maggie points at you and mumbles some strange words.
The bolt of fire hits you!
You barely miss Maggie.
Maggie is severely wounded.
Maggie points at you and mumbles some strange words.
The bolt of fire hits you!!
You hit Maggie but do no damage.
Maggie is severely wounded.
You slash Maggie!
Maggie is almost dead.
Maggie casts a spell at you. The bolt of fire hits you!!
You die...

.#.###########...#
###..............#
.#.#####.........# #.##
#..####...#####.#
#.#### #..# #.........#
#....# #..# #..........
####.# #..# #..###..###
#.# #..# #.).# ..# #.#
#..# #..@# .# #.# #..#
#..@# # #.###..####...#
#..............
#..###.####...... #..#
#.# ###<#.# .# #..# #.#
#.#.# .#
#..###.######.#.##.##
#...................###


You could see Maggie.

Vanquished Creatures
  A wyvern (D:7)
  2 steam dragons (D:7)
  An acid dragon (D:7)
  An orc warrior (D:8)
  3 ice beasts
  2 sky beasts (D:7)
  A black bear (D:4)
  2 ogres (D:6)
  A centaur (D:5)
  2 phantoms
  A kobold brigand (D:8)
  A gnoll sergeant (D:6)
  3 bullfrogs (D:7)
  A scorpion (D:5)
  2 howler monkeys (D:5)
  5 hounds
  A jelly (D:6)
  A gnoll bouda (D:5)
  4 iguanas
  3 orc wizards
  Natasha (thrice) (D:3)
  20 gnolls
  13 adders
  3 river rats (D:5)
  2 white imps (D:6)
  An ufetubus (D:5)
  5 worms
  3 dart slugs
  12 orcs
  5 ball pythons
  10 endoplasms
  2 giant cockroaches
  14 goblins
  8 hobgoblins
  2 jackals (D:4)
  6 quokkas
  8 bats
  4 frilled lizards
  13 kobolds
  6 rats
178 creatures vanquished.

Vanquished Creatures (others)
  17 plants (D:4)
17 creatures vanquished.

Grand Total: 195 creatures vanquished

Notes
Turn   | Place    | Note
-------+----------+-------------------------------------------
     0 | D:5      | Armakuni the Human Delver began the quest for the Orb.
     0 | D:5      | Reached XP level 1. HP: 18/18 MP: 1/1
   137 | D:4      | Identified the +0 pair of gloves of the Morning {Harm rElec
                  | rPois rCorr}
   166 | D:3      | Reached skill level 1 in Armour
   168 | D:3      | Found a runed translucent door.
   177 | D:2      | Reached XP level 2. HP: 24/24 MP: 2/2
   184 | D:3      | Noticed Flippered's ghost (amateur MfSu)
   298 | D:1      | Got the Grimoire of Inhalation and Iniquitous Words
   452 | D:1      | Learned a level 1 spell: Apportation
   469 | D:1      | Reached XP level 3. HP: 29/29 MP: 3/3
   793 | D:1      | Found a faded altar of an unknown god.
  1385 | D:2      | Reached XP level 4. HP: 30/35 MP: 4/4
  2035 | D:3      | Reached XP level 5. HP: 41/41 MP: 5/5
  2155 | D:3      | Noticed Natasha
  2156 | D:3      | Noticed an ice beast
  2163 | D:3      | Killed Natasha
  2179 | D:3      | Identified the +10 hand axe "Earthworm" {holy, rPois Str+3}
  2192 | D:3      | Killed an ice beast
  2193 | D:3      | Reached skill level 2 in Axes
  2193 | D:3      | Reached XP level 6. HP: 29/47 MP: 6/6
  2317 | D:3      | Reached skill level 3 in Axes
  2447 | D:3      | Noticed Natasha
  2457 | D:3      | Killed Natasha
  2636 | D:3      | Noticed Natasha
  2639 | D:3      | Killed Natasha
  2640 | D:3      | Reached skill level 4 in Axes
  2673 | D:4      | Reached XP level 7. HP: 52/52 MP: 7/7
  2985 | D:4      | Reached skill level 5 in Axes
  3106 | D:5      | Reached skill level 6 in Axes
  3212 | D:5      | Reached XP level 8. HP: 38/58 MP: 8/8
  3235 | D:5      | Reached skill level 7 in Axes
  3423 | D:5      | Found a sparkling altar of Nemelex Xobeh.
  3719 | D:5      | Reached skill level 8 in Axes
  3968 | D:6      | Reached skill level 9 in Axes
  3968 | D:6      | Reached XP level 9. HP: 49/63 MP: 9/9
  4258 | D:6      | Reached skill level 10 in Axes
  4397 | D:6      | Identified the +11 mace "Ikhlibrevee" {protect, Will+
                  | Str+2}
  4467 | D:7      | Found a transporter.
  4544 | D:7      | Found a staircase to the Ecumenical Temple.
  4568 | Temple   | Entered the Ecumenical Temple
  4690 | Temple   | Became a worshipper of the Shining One
  5062 | D:7      | Reached skill level 11 in Axes
  5143 | D:7      | Found a transporter.
  5329 | D:8      | Reached XP level 10. HP: 67/70 MP: 10/10
  5335 | D:8      | Reached skill level 12 in Axes
  5373 | D:8      | Reached skill level 1 in Invocations
  5394 | D:8      | Found Bayvit's Magic Scroll Emporium.
  5410 | D:8      | Bought 2 scrolls of identify for 60 gold pieces
  5415 | D:8      | Bought a scroll of identify for 30 gold pieces
  5491 | D:8      | Noticed Maggie
  5509 | D:8      | Killed from afar by Maggie

Illustrated notes

Levels and vault maps discovered:
D:1:      giann_wishing_wells, layout_loops_corners,
          shapermc_ecumenical_altar_totnotflames
D:2:      layout_basic, st_stairs_10, minmay_split_cup_small
D:3:      layout_loops_ring, ebering_ghost_reflecting_pool, uniq_natasha
D:4:      layout_rooms, serial_bayou, serial_bayou_pond_c, serial_bayou_pond_b,
          serial_bayou_lake_a, serial_bayou_ford_a
D:5:      layout_basic, lemuel_crystal_altar, lightli_sewer_entry_pipes
D:6:      layout_basic
D:7:      gammafunk_steamed_eel, layout_cave_pools,
          minmay_temple_entry_nine_rooms
D:8:      layout_loops_ring, nicolae_eternal_life, grunt_ministairs_4,
          st_stairs_6, nicolae_stop_n_shop_1, uniq_maurice, uniq_maggie
Temple:   mainiacjoe_temple_big_plus

Skill      XL: |  1  2  3  4  5  6  7  8  9 10 |
---------------+-------------------------------+-----
Armour         | 1 2 |  2.0
Maces & Flails | 3 4 |  4.7
Axes           | 2 4 6 9 11 12 | 12.1
Invocations    | 1 |  1.1
Fighting       | |  3.0
Dodging        | |  2.0
Stealth        | |  5.0

Action                   |  1- 3 |  4- 6 |  7- 9 | 10-12 || total
-------------------------+-------+-------+-------+-------++-------
Melee: Mace              |    22 |       |       |       ||    22
       Flail             |    61 |    60 |       |       ||   121
       Punch             |     1 |     1 |     2 |     2 ||     6
       Hand axe          |       |    42 |   228 |    34 ||   304
Throw: Boomerang         |       |       |     1 |       ||     1
       Javelin           |       |       |     5 |       ||     5
  Use: Potion            |     2 |       |     1 |       ||     3
       Scroll            |     4 |     5 |     5 |     4 ||    18
 Stab: Sleeping          |    11 |     9 |     6 |       ||    26
       Invisible         |     1 |       |       |       ||     1
       Distracted        |       |     1 |       |       ||     1
Armor: Leather armour    |    13 |       |       |       ||    13
       Ring mail         |    24 |    23 |    37 |       ||    84
       Acid dragon scale |       |       |     5 |     3 ||     8
Dodge: Dodged            |    53 |    57 |   136 |    18 ||   264

Table legend: (Time is in decaauts)
 A = Elapsed time spent in this place.
 B = Non-inter-level travel time spent in this place.
 C = Inter-level travel time spent in this place.
 D = Time resting spent in this place.
 E = Time spent auto-exploring this place.
 F = Levels seen in this place.
 G = Mean time per level.
                   A        B        C        D        E       F      G
               +--------+--------+--------+--------+--------+-----+--------+
         Total |   5548 |   5335 |    213 |     52 |   1762 |   9 |  616.4 |
       Dungeon |   5117 |   4929 |    188 |     52 |   1372 |   8 |  639.6 |
        Temple |    430 |    405 |     25 |      0 |    390 |   1 |  430.0 |
               +--------+--------+--------+--------+--------+-----+--------+

Top non-repeatable levels by time:
     D:1: 1016 daAuts
     D:5: 829 daAuts
     D:2: 780 daAuts
     D:3: 752 daAuts
     D:6: 604 daAuts
     D:4: 529 daAuts
  Temple: 430 daAuts
     D:7: 428 daAuts
     D:8: 177 daAuts
